 Dungeon Crawl Stone Soup version 0.19-a0-376-gf780d9b (webtiles) character file.

915 oplop the Sneak (level 7, 0/52 HPs)
             Began as a Vampire Enchanter on May 30, 2016.
             Slain by a mummy (16 damage)
             ... in an ossuary.
             The game lasted 00:09:57 (4788 turns).

oplop the Sneak (Vampire Enchanter)                 Turns: 4788, Time: 00:09:57

Health: 0/52       AC:  3    Str:  7    XL:     7   Next: 82%
Magic:  3/13       EV: 15    Int: 21    God:
Gold:   309        SH:  0    Dex: 16    Spells: 4 memorised, 3 levels left

rFire  . . .     SeeInvis +     m - +2 dagger (drain)
rCold  . . .     Gourm    .     b - +1 robe
rNeg   + . .     Faith    .     (no shield)
rPois  .         Spirit   .     (no helmet)
rElec  .         Dismiss  +     (no cloak)
rCorr  .         Reflect  .     (no gloves)
SustAt .         Harm     .     (no boots)
MR     .....                    h - amulet of dismissal
Stlth  ++++......               (no ring)
                                j - +3 ring of intelligence

@: not resistant to hostile enchantments, stealthy
A: fangs 3, see invisible, unbreathing
a: Bat Form


You were in an ossuary.
You were not thirsty.

You visited 1 branch of the dungeon, and saw 6 of its levels.
You also visited: Ossuary.

You collected 309 gold pieces.

Inventory:

Hand Weapons
 a - a +1 dagger
 m - a +2 dagger of draining (weapon)
Armour
 b - a +1 robe (worn)
 q - a +0 buckler
Jewellery
 h - an amulet of dismissal (around neck)
 j - a +3 ring of intelligence (left hand)
Wands
 i - a wand of polymorph (6/24)
 p - a wand of polymorph (16/24)
 v - a wand of polymorph (13/24)
 w - a wand of random effects (5/48)
Scrolls
 e - a scroll of immolation
 f - 6 scrolls of identify
 g - 9 scrolls of remove curse
Potions
 d - 10 potions of blood
 k - 2 potions of agility
 l - 2 potions of brilliance {unknown}
 n - a potion of degeneration {unknown}
 r - 2 potions of heal wounds {unknown}
 s - 2 potions of curing {unknown}
 t - 2 potions of berserk rage {unknown}
 x - 2 potions of haste {unknown}
Books
 c - a book of Maledictions

   Spells                             Type                      Level
   a - Corona                         Hexes                        1
   b - Ensorcelled Hibernation        Hexes/Ice                    2
   c - Confuse                        Hexes                        3
   d - Tukima's Dance                 Hexes                        3
   e - Dazzling Spray                 Conjuration/Hexes            3
 A - a Grand Grimoire

   Spells                             Type                      Level
   a - Monstrous Menagerie            Summoning                    7
   b - Summon Greater Demon           Summoning                    7
   c - Malign Gateway                 Summoning/Translocation      7
   d - Summon Horrible Things         Summoning                    8


   Skills:
 + Level 3.1 Fighting
 + Level 4.1 Short Blades
 + Level 4.6 Dodging
 + Level 6.7 Stealth
 + Level 4.0 Spellcasting
 + Level 6.7 Hexes


You had 3 spell levels left.
You knew the following spells:

 Your Spells              Type           Power        Failure   Level  Hunger
a - Tukima's Dance        Hex            ####....     2%          3    ###....
b - Ensorcelled Hibernat  Hex/Ice        ###...       6%          2    #......
c - Confuse               Hex            ####....     2%          3    ###....
d - Dazzling Spray        Conj/Hex       ###...       12%         3    ###....


Dungeon Overview and Level Annotations

Branches:
Dungeon (6/15)
 Temple: D:4-7

Altars:
Gozag
Trog

Annotations:
D:3 George's ghost, amateur DrCj
D:5 exclusion: orc wizard


Innate Abilities, Weirdness & Mutations

You have razor-sharp teeth.
You have supernaturally acute eyesight. (SInv)
You can survive without breathing.


Message History

Casting: Confuse
Confirm with . or Enter, or press ? or * to list all spells.
Aiming: Confuse
Press: ? - help, Shift-Dir - straight line, f - mummy
Aim: a mummy (chance to defeat MR: 61%)
The mummy appears confused.
You hit the mummy.
The mummy is moderately damaged.
The mummy barely misses the human zombie.
You completely miss the mummy.
The mummy is moderately damaged.
You completely miss the mummy. You bite the mummy.
The mummy is moderately damaged.
The mummy hits the human zombie.
You hit the mummy.
The mummy is heavily damaged.
You hit the mummy but do no damage.
The mummy is heavily damaged.
The mummy hits you!
You die...

#....................#
#............Z.......#
#........8..8........#
#...ZZ...............#
#...######.M######...#
#...#....#..# #...#
#...#.#..#..# #...#
#...#.####..####.#...#
#...#..@MZ.......#...#
#...#.####.......#...#
#...#.#..#.......#...#
#..Z#....#.......#...#
#..Z######.∩.....#...#
#...# ....+####...#
#..Z# #...# #...#
#...# ...# #...#
#...##############...#


You could see a mummy (confused) and a human zombie.

Vanquished Creatures
  Edmund (D:5)
  An ice beast (D:5)
  A centaur (D:5)
  2 centaur zombies (Ossuary)
  A giant frog zombie (D:5)
  A giant frog skeleton (D:5)
  A hound (D:6)
  A gnoll shaman (D:5)
  An iguana (D:6)
  An orc wizard (D:6)
  5 worker ants
  2 big kobold zombies (Ossuary)
  A mummy (Ossuary)
  5 adders
  4 gnolls
  A howler monkey skeleton (D:5)
  A shadow imp (D:5)
  An ooze (D:3)
  2 adder skeletons (D:4)
  3 worms
  3 dart slugs (D:2)
  3 giant geckos
  10 orcs
  6 bats
  4 giant cockroaches
  5 goblins
  2 hobgoblins (D:3)
  2 jackals (D:2)
  A quokka (D:2)
  3 giant newts
  A goblin zombie (Ossuary)
  6 hobgoblin zombies (Ossuary)
  8 kobolds
  8 kobold zombies (Ossuary)
  10 orc zombies (Ossuary)
  6 rats
114 creatures vanquished.

Vanquished Creatures (collateral kills)
  A gnoll (D:6)
  An orc (D:6)
2 creatures vanquished.

Grand Total: 116 creatures vanquished

Notes
Turn   | Place    | Note
--------------------------------------------------------------
     0 | D:1      | oplop the Vampire Enchanter began the quest for the Orb.
     0 | D:1      | Reached XP level 1. HP: 13/13 MP: 3/3
   482 | D:1      | Reached XP level 2. HP: 15/20 MP: 5/5
   931 | D:2      | Reached XP level 3. HP: 24/25 MP: 6/6
  1072 | D:2      | Learned a level 2 spell: Ensorcelled Hibernation
  1076 | D:2      | Learned a level 3 spell: Confuse
  1439 | D:2      | Reached skill level 5 in Hexes
  1556 | D:3      | Reached XP level 4. HP: 25/31 MP: 1/8
  1745 | D:3      | Noticed George's ghost (amateur DrCj)
  2265 | D:4      | Reached skill level 1 in Fighting
  2265 | D:4      | Reached skill level 5 in Stealth
  2271 | D:4      | Reached XP level 5. HP: 37/37 MP: 2/9
  2669 | D:4      | Found an opulent altar of Gozag.
  2669 | D:4      | Found a bloodstained altar of Trog.
  2967 | D:5      | Entered Level 5 of the Dungeon
  3081 | D:5      | Noticed a centaur
  3096 | D:5      | Killed a centaur
  3096 | D:5      | Reached XP level 6. HP: 28/44 MP: 7/10
  3226 | D:5      | Noticed an ice beast
  3243 | D:5      | Killed an ice beast
  3349 | D:5      | Noticed Edmund
  3357 | D:5      | Killed Edmund
  3357 | D:5      | Reached XP level 7. HP: 39/50 MP: 6/12
  4178 | D:5      | Learned a level 3 spell: Tukima's Dance
  4182 | D:5      | Learned a level 3 spell: Dazzling Spray
  4463 | D:6      | Found a sand-covered staircase.
  4470 | Ossuary  | Entered an ossuary
  4788 | Ossuary  | Slain by a mummy

Vault maps used:
D:1:      dpeg_arrival_boxorama, grunt_decor_mini_mirrors, minmay_cut_off
D:3:      vehumet_crystals, minmay_misc_feat_encased, minmay_cupped
D:4:      gammafunk_temple_overflow_elements, hangedman_decor_growths
D:5:      first_bread, grunt_decor_arrowhead, uniq_edmund
D:6:      minmay_temple_entry_from_below_b, serial_glass, glass_columns_a,
          glass_columns_a, enter_ossuary_4, minmay_door_square,
          minmay_misc_feat_roman
Ossuary:  ossuary_tomb_1

Skill      XL: |  1  2  3  4  5  6  7 |
---------------+----------------------+-----
Hexes          | 5 6 |  6.7
Dodging        | 3 4 |  4.6
Short Blades   | 2 3 4 |  4.1
Fighting       | 1 2 3 |  3.1
Stealth        | 5 6 |  6.7
Spellcasting   | 3 4 |  4.0

Action                   |  1- 3 |  4- 6 |  7- 9 || total
-------------------------+-------+-------+-------++-------
Melee: Dagger            |   116 |    81 |   192 ||   389
       Bite              |     6 |    11 |    32 ||    49
 Cast: Corona            |     8 |       |       ||     8
       Ensorcelled Hiber |    10 |    19 |    16 ||    45
       Confuse           |       |    10 |    12 ||    22
       Tukima's Dance    |       |       |     2 ||     2
 Abil: End Transformatio |     1 |     1 |     2 ||     4
       Bat Form          |     1 |     1 |     2 ||     4
  Use: Scroll            |       |       |     8 ||     8
       Potion            |       |       |     3 ||     3
 Stab: Sleeping          |    16 |    17 |    15 ||    48
       Distracted        |     2 |       |       ||     2
       Confused          |       |     4 |     7 ||    11
Armor: Robe              |    30 |     7 |    30 ||    67
Dodge: Dodged            |    84 |    31 |   108 ||   223
